 Dungeon Crawl Stone Soup version 0.31.0-1-g2c135a0 (webtiles) character file.

Game seed: 17046419492846078491

11178 jagoly the Cleaver (level 11, 0/71 HPs)
             Began as a Gargoyle Monk on Jan 26, 2024.
             Was a Priest of the Shining One.
             Slain by a sun demon (18 damage)
             ... summoned by a kobold demonologist
             ... on level 10 of the Dungeon.
             The game lasted 00:51:31 (4816 turns).

jagoly the Cleaver (Gargoyle Monk)                  Turns: 4816, Time: 00:51:31

Health: 0/71       AC: 16    Str: 19    XL:     11   Next: 73%
Magic:  8/11       EV: 13    Int: 11    God:    the Shining One [***...]
Gold:   405        SH:  6    Dex: 12    Spells: 10/10 levels left

rFire   . . .        b - +0 war axe
rCold   . . .        d - orb {light}
rNeg    + + .        C - +2 leather armour {Will+}
rPois   ∞            (no helmet)
rElec   +            I - +0 cloak
rCorr   .            (no gloves)
SInv    .            o - +0 pair of boots
Will    +....        r - amulet of regeneration
Stlth   +            (no ring)
HPRegen 1.11/turn    (no ring)
MPRegen 0.12/turn

%: no passive effects
@: divinely shielded, about to teleport, glowing
A: sickness immunity, AC +8, negative energy resistance 1, electricity
resistance, torment resistance 1, petrification resistance
a: Renounce Religion, Divine Shield, Cleansing Flame


You were on level 10 of the Dungeon.
You worshipped the Shining One.
The Shining One was most pleased with you.
You visited 2 branches of the dungeon, and saw 12 of its levels.

You collected 517 gold pieces.
You spent 112 gold pieces at shops.

Inventory:

Hand Weapons
 a - a +5 flail of protection
 b - a +0 war axe (weapon)
 f - a +0 spear
 l - a +0 sling
 n - a +2 mace of holy wrath
 B - a +0 hand axe of draining
 F - a +2 dagger of venom
Missiles
 g - 11 boomerangs
 k - 88 stones (quivered)
 v - 3 poisoned darts
 z - 11 javelins
 J - 5 darts of dispersal
 K - 2 curare-tipped darts
Armour
 d - an orb of light (worn)
 o - a +0 pair of boots (worn)
 p - a +0 chain mail
 q - a +0 scale mail
 u - the +2 leather armour of Inviolability {rN+ Int+4 Dex+3}
   (You found it on level 6 of the Dungeon)

   Int+4:     It affects your intelligence (+4).
   Dex+3:     It affects your dexterity (+3).
   rN+:       It protects you from negative energy.
 y - a +0 plate armour
 C - a +2 leather armour of willpower (worn)
 D - a +0 buckler
 E - a +1 robe of fire resistance
 I - a +0 cloak (worn)
Jewellery
 r - an amulet of regeneration (around neck)
 L - a ring of fire
Wands
 m - a wand of roots (7)
Scrolls
 e - 2 scrolls of revelation
 h - 2 scrolls of teleportation
 j - 4 scrolls of identify
 t - a scroll of enchant weapon
 w - 6 scrolls of noise
 x - a scroll of poison
Potions
 c - a potion of ambrosia
 i - 4 potions of mutation
 s - a potion of enlightenment
 A - 2 potions of attraction
 H - a potion of curing


   Skills:
 + Level 9.5 Fighting
 + Level 13.0 Axes
 - Level 2.0 Throwing
 + Level 6.5 Armour
 + Level 5.0 Dodging
 - Level 2.0 Stealth


You had 10 spell levels left.
You didn't know any spells.
Your spell library contained the following spells:

 Spells                   Type           Power      Damage    Failure   Level
 Apportation              Tloc           0%         N/A       38%         1
 Necrotise                Necr           0%         1d4       38%         1
 Sting                    Conj/Alch      0%         1d3       38%         1
 Summon Small Mammal      Summ           0%         N/A       38%         1
 Gell's Gravitas          Tloc           0%         N/A       77%         3
 Teleport Other           Tloc           0%         N/A       77%         3
 Dispersal                Tloc           0%         N/A       100%        6


Dungeon Overview and Level Annotations

Branches:
Dungeon (11/15) Zot: 26646  Temple (1/1) D:7 Zot: 5977    Lair (0/5) D:9
    Orc: D:9-12

Altars:
Ashenzari
Cheibriados
Dithmenos
Elyvilon
Fedhas
Gozag
Hepliaklqana
Kikubaaqudgha
Makhleb
Nemelex Xobeh
Okawaru
Qazlal
Ru
Sif Muna
Trog
Uskayaw
Wu Jian
Xom
Yredelemnul
Zin
The Shining One

Shops:
D:6 *   D:8 *

Annotations:
D:8 Gastronok


Innate Abilities, Weirdness & Mutations

You are immune to sickness and miasma.
Your stone body is resilient. (AC +8)
You are immune to poison.
You resist negative energy. (rN+)
You are resistant to electric shocks. (rElec)
You are resistant to unholy torment.
You are immune to petrification.


Message History

Found a staircase to the Lair.
The wolf howls!
You completely miss the polar bear. The polar bear barely misses you.
The polar bear claws you. The polar bear misses you.
You sock the polar bear!
Your weapon exudes an aura of protection.
The polar bear is lightly wounded.
The polar bear closely misses you.
The polar bear claws you but does no damage. x2
You bludgeon the polar bear!!
The polar bear is severely wounded.
The polar bear bites you.
The polar bear claws you but does no damage.
The polar bear closely misses you. The wolf bites you but does no damage.
You sock the polar bear!
You kill the polar bear!
The wolf barely misses you.
Your Armour skill increases to level 6!
You hit the wolf.
The wolf is moderately wounded.
The wolf bites you but does no damage. x2
You sock the wolf!
The wolf is severely wounded.
The wolf bites you.
You thump the wolf!
You kill the wolf!
No target in view!
You enter the shallow water.
Moving in this stuff is going to be slow.
There is a stone staircase leading down here.
You climb downwards.
There is a stone staircase leading up here.
You open the door.
There is an open door here.
There is an open door here.
There is a stone staircase leading up here.
You climb upwards.
There is a stone staircase leading down here.
You enter the shallow water.
Moving in this stuff is going to be slow.
Found a hand axe.
There is a staircase to the Lair here.
Okay, then.
You see here a polar bear corpse.
There is a stone staircase leading down here.
You climb downwards.
There is a stone staircase leading up here.
There is an open door here.
You open the door.
There is an open door here.
You open the door.
There is an open door here.
You open the door. 4 killer bees come into view.
The killer bee buzzes angrily. x3; You hear an angry buzzing noise. x2
A killer bee comes into view. x2
You hit the killer bee but do no damage.
Your weapon exudes an aura of protection.
The killer bee attacks as it pursues you!
The killer bee misses you.
The killer bee stings you but does no damage.
The killer bee stings you but does no damage.
The killer bee attacks as it pursues you!
The killer bee stings you.
The killer bee stings you but does no damage.
The killer bee barely misses you.
The killer bee attacks as it pursues you!
The killer bee misses you. The killer bee closely misses you.
The killer bee stings you but does no damage.
The killer bee stings you. The killer bee stings you!
The killer bee attacks as it pursues you!
The killer bee misses you.
The killer bee stings you but does no damage.
You miss the killer bee.
The killer bee stings you but does no damage. x2
You thump the killer bee!
Your weapon exudes an aura of protection.
You kill the killer bee!
The killer bee barely misses you.
You hit the killer bee.
The killer bee is moderately wounded.
The killer bee stings you but does no damage. x2
You sock the killer bee!
The killer bee is severely wounded.
The killer bee misses you.
The killer bee stings you but does no damage.
You hit the killer bee but do no damage.
The killer bee is severely wounded.
The killer bee barely misses you.
The killer bee stings you but does no damage.
You sock the killer bee!
You kill the killer bee!
The killer bee barely misses you.
You closely miss the killer bee.
The killer bee stings you but does no damage.
The killer bee stings you.
You miss the killer bee.
The killer bee stings you but does no damage.
The killer bee barely misses you.
You barely miss the killer bee. The killer bee barely misses you. x2
You hit the killer bee.
The killer bee is lightly wounded.
The killer bee barely misses you. x2
You sock the killer bee!
The killer bee is almost dead.
The killer bee stings you but does no damage.
The killer bee misses you.
You closely miss the killer bee.
The killer bee is almost dead.
The killer bee stings you but does no damage.
The killer bee misses you.
You barely miss the killer bee.
The killer bee is almost dead.
The killer bee stings you but does no damage.
The killer bee misses you.
You hit the killer bee.
You kill the killer bee!
The killer bee stings you.
You bludgeon the killer bee!!
You kill the killer bee!
The killer bee closely misses you.
You thump the killer bee!
The killer bee is heavily wounded.
The killer bee stings you.
The killer bee stings you but does no damage.
You hit the killer bee.
The killer bee is severely wounded.
The killer bee stings you but does no damage.
The killer bee closely misses you.
You sock the killer bee!
You kill the killer bee!
The killer bee stings you but does no damage.
You barely miss the killer bee. The killer bee barely misses you. x2
You closely miss the killer bee. The killer bee misses you.
The killer bee stings you but does no damage.
You miss the killer bee. The killer bee misses you.
The killer bee stings you but does no damage.
You hit the killer bee.
The killer bee is moderately wounded.
The killer bee stings you but does no damage.
The killer bee stings you.
You sock the killer bee!
You kill the killer bee!
No target in view!
No target in view!
HP restored.
Things that are here:
a killer bee corpse; a killer bee corpse; a killer bee corpse HP restored.
Found a ruby ring.
There is an open door here.
Found 10 gold pieces.
L - a ring of fire
Found 8 stones.
You now have 307 gold pieces (gained 10).
k - 83 stones (gained 8)
You open the door.
There is an open door here.
You can now channel blasts of cleansing flame.
A centaur comes into view.
The centaur shouts!
The centaur wields a +0 shortbow.
The centaur shoots an arrow.
The arrow misses you.
The centaur shoots an arrow.
The arrow hits you.
There is an open door here.
The centaur shoots an arrow.
The arrow closely misses you.
There is an open door here.
The centaur unwields a +0 shortbow.
The centaur barely misses you.
The centaur kicks you but does no damage.
The centaur hits you but does no damage.
The centaur kicks you but does no damage.
You sock the centaur!
Your weapon exudes an aura of protection.
The centaur is moderately wounded.
The centaur hits you but does no damage.
The centaur kicks you but does no damage.
You hit the centaur.
The centaur is heavily wounded.
The centaur completely misses you. The centaur barely misses you.
The centaur hits you.
The centaur kicks you but does no damage.
You sock the centaur!
The centaur is almost dead.
The centaur barely misses you.
The centaur kicks you but does no damage.
You hit the centaur.
You kill the centaur!
No target in view!
HP restored.
Found 13 gold pieces.
You now have 320 gold pieces (gained 13).
An orc priest comes into view. It is wielding a +0 short sword.
Found 14 gold pieces.
The orc priest shouts!
An orc priest comes into view. It is wielding a +0 dagger.
The orc priest shouts!
An orc comes into view. It is wielding a +0 whip.
The orc priest invokes the aid of Beogh against you.
Beogh smites you!
You thump the orc priest!
Your weapon exudes an aura of protection.
You kill the orc priest!
The Shining One accepts your kill.
You feel better.
You thump the orc priest!
The orc priest is severely wounded.
The orc priest hits you but does no damage.
You hit the orc priest.
You kill the orc priest!
The Shining One accepts your kill. The orc barely misses you.
You thump the orc!
You kill the orc!
You see here a +0 whip.
You now have 334 gold pieces (gained 14).
Found 20 gold pieces.
Found a stone staircase leading down.
You now have 354 gold pieces (gained 20).
There is a stone staircase leading down here.
You climb downwards.
Found 13 gold pieces, a crooked glowing staff and a scroll of identify.
Found a stone staircase leading down.
There is a stone staircase leading up here.
Found 17 gold pieces.
You now have 367 gold pieces (gained 13).
You now have 384 gold pieces (gained 17).
Found 10 gold pieces.
The orc shouts!
You hear a shout! x4
A two-headed ogre comes into view.
It is wielding a +0 giant spiked club and a +0 giant club.
You see here a scroll of identify.
Throw: dart (curare)
Press: ? - help, Shift-Dir - straight line, f - two-headed ogre
Aim: a two-headed ogre, wielding a +0 giant spiked club and a +0 giant club (75% to hit)
You throw a curare-tipped dart.
The curare-tipped dart barely misses the two-headed ogre.
Okay, then.
Okay, then.
Search for what [Enter for "."]? throw
Okay, then.
Press: ? - help, v - describe, . - travel The floor.
j - 4 scrolls of identify (gained 1)
Okay, then.
The orc shouts!
You hear a shout! x2
A troll comes into view.
There is a stone staircase leading up here.
You climb upwards.
There is a stone staircase leading down here.
Found 2 curare-tipped darts.
You see here 2 curare-tipped darts.
Okay, then.
Unknown command.
Okay, then.
K - 2 curare-tipped darts
Found a war axe. 3 yaks come into view.
The yak bellows! x2
You hit the yak.
Your weapon exudes an aura of protection.
The yak is lightly wounded.
The yak closely misses you.
You hit the yak.
The yak is moderately wounded.
The yak gores you!
A yak comes into view.
The yak bellows!
You hit the yak but do no damage. The yak gores you.
You hit the yak but do no damage. The yak closely misses you.
You sock the yak!
The yak is heavily wounded.
The yak gores you!
You hit the yak.
The yak is heavily wounded.
The yak gores you but does no damage.
You sock the yak!
The yak is severely wounded.
The yak gores you but does no damage.
You sock the yak!
You kill the yak!
You sock the yak!
The yak is moderately wounded.
The yak gores you but does no damage.
You sock the yak!
The yak is heavily wounded.
The yak gores you but does no damage.
You barely miss the yak.
The yak is heavily wounded.
You bludgeon the yak!!
You kill the yak!
You sock the yak!
The yak is heavily wounded.
The yak completely misses you.
You hit the yak.
The yak is heavily wounded.
The yak barely misses you.
You completely miss the yak.
The yak is heavily wounded.
The yak barely misses you.
You hit the yak.
The yak is heavily wounded.
The yak closely misses you.
You sock the yak!
The yak is severely wounded.
The yak gores you but does no damage.
You hit the yak.
The yak is almost dead.
The yak misses you.
You hit the yak.
The yak is almost dead.
The yak gores you but does no damage.
You hit the yak.
You kill the yak!
Your Axes skill increases to level 13!
You sock the yak!
The yak is moderately wounded.
The yak gores you but does no damage.
You bludgeon the yak!!
The yak is severely wounded.
The yak closely misses you.
You sock the yak!
The yak is almost dead.
The yak closely misses you.
You sock the yak!
You kill the yak!
You swing at nothing.
Items here: ††††.
A two-headed ogre comes into view. It is wielding two +0 giant clubs.
The two-headed ogre shouts in stereo!
Throw: 2 darts (curare)
Press: ? - help, Shift-Dir - straight line, f - two-headed ogre
Aim: a two-headed ogre, wielding two +0 giant clubs (75% to hit)
You throw a curare-tipped dart.
The curare-tipped dart barely misses the two-headed ogre.
Throw: dart (curare)
Press: ? - help, Shift-Dir - straight line, f/p - two-headed ogre
Aim: a two-headed ogre, wielding two +0 giant clubs (75% to hit)
You throw a curare-tipped dart.
The curare-tipped dart hits the two-headed ogre.
The two-headed ogre is poisoned.
The two-headed ogre struggles to breathe.
The two-headed ogre seems to slow down.
The two-headed ogre is moderately wounded.
Throw: 3 darts (poison)
Press: ? - help, Shift-Dir - straight line, f/p - two-headed ogre
Aim: a two-headed ogre, wielding two +0 giant clubs (moderately wounded, very poisoned, slow, 75% to hit)
You throw a poisoned dart.
The poisoned dart hits the two-headed ogre.
The two-headed ogre looks even sicker.
The two-headed ogre is moderately wounded.
Throw: 2 darts (poison)
Press: ? - help, Shift-Dir - straight line, f/p - two-headed ogre
Aim: a two-headed ogre, wielding two +0 giant clubs (moderately wounded, very poisoned, slow, 75% to hit)
You throw a poisoned dart.
The poisoned dart closely misses the two-headed ogre.
Throw: dart (poison)
Press: ? - help, Shift-Dir - straight line, f/p - two-headed ogre
Aim: a two-headed ogre, wielding two +0 giant clubs (moderately wounded, very poisoned, slow, 75% to hit)
You throw a poisoned dart.
The poisoned dart hits the two-headed ogre.
The two-headed ogre is moderately wounded.
Throw: 11 boomerangs
Press: ? - help, Shift-Dir - straight line, f/p - two-headed ogre
Aim: a two-headed ogre, wielding two +0 giant clubs (moderately wounded, very poisoned, slow, haloed, 93% to hit)
You throw a boomerang. The boomerang hits the two-headed ogre.
The two-headed ogre is heavily wounded.
You sock the two-headed ogre!
Your weapon exudes an aura of protection.
The two-headed ogre is severely wounded.
The two-headed ogre completely misses you.
The two-headed ogre closely misses you.
You bludgeon the two-headed ogre!!
You kill the two-headed ogre!
Your Dodging skill increases to level 5!
Things that are here:
a +0 giant club; a +0 giant club
v - 2 poisoned darts
v - 3 poisoned darts (gained 1);
K - a curare-tipped dart
K - 2 curare-tipped darts (gained 1)
You open the door. You open the door.
There is an open door here.
There is an open door here.
Found 11 gold pieces.
You open the large door.
There is a large open door here.
You open the door.
There is an open door here.
You now have 395 gold pieces (gained 11).
There is an open door here.
You open the door.
Found 10 gold pieces.
Found a stone staircase leading down.
There is an open door here.
You now have 405 gold pieces (gained 10).
Found 5 stones.
There is a stone staircase leading down here.
You climb downwards.
Found 9 gold pieces.
There is a stone staircase leading up here.
You climb upwards.
There is a stone staircase leading down here.
Found a trident.
k - 88 stones (gained 5)
There is an open door here.
Found a chain mail.
Found a scroll of noise.
w - 6 scrolls of noise (gained 1)
A kobold demonologist comes into view. It is wielding a +0 dagger.
The kobold demonologist begins to cast a cantrip, but forgets the words!
A kobold demonologist comes into view. It is wielding a +0 dagger.
The kobold demonologist shouts!
You hear a shout!
The kobold demonologist looks braver for a moment.
A kobold demonologist comes into view. It is wielding a +0 dagger.
Okay, then. 2 kobold demonologists and a kobold brigand come into view.
The kobold brigand is wielding a +0 dagger and quivering poisoned darts.
Found 23 gold pieces.
The kobold demonologist shouts! x3; The kobold brigand shouts!
A kobold comes into view. It is wielding a +0 short sword.
A kobold demonologist comes into view. It is wielding a +0 dagger.
Okay, then.
The kobold demonologist hits you but does no damage.
You fail to use your ability.
The kobold shouts!
The kobold demonologist begins to cast a cantrip, but forgets the words!
The kobold demonologist casts a spell.
You hear an angry hiss.
Your shield is strengthened by the Shining One's divine power.
The kobold demonologist looks braver for a moment.
The kobold demonologist begins to cast a cantrip, but forgets the words! x2
The kobold demonologist barely misses you.
Hit: a) +5 flail (protect)
Press: ? - help, Dir - move target, f - kobold demonologist
Aim: a kobold demonologist, wielding a +0 dagger and wearing a +0 robe (haloed, about 25% to evade your +5 flail of protection)
You hit the kobold demonologist.
Your weapon exudes an aura of protection.
The kobold demonologist is lightly wounded.
The kobold demonologist looks braver for a moment.
The kobold brigand barely misses you.
Your +5 flail of protection goes still.
b - a +0 war axe (weapon)
Cleave: b) +0 war axe
Press: ? - help, Dir - move target, f/p - kobold demonologist
Aim: a kobold demonologist, wielding a +0 dagger and wearing a +0 robe (lightly wounded, haloed, about 28% to evade your +0 war axe)
You hit the kobold demonologist.
The kobold demonologist is lightly wounded.
You hit the kobold demonologist. You slash the kobold brigand!
You hit the kobold demonologist.
The kobold demonologist mumbles some strange words.
The kobold demonologist casts a spell.
The kobold demonologist looks encouraged for a moment.
The kobold demonologist mumbles some strange words.
Cleave: b) +0 war axe
Press: ? - help, Dir - move target, f/p - kobold demonologist
Aim: a kobold demonologist, wielding a +0 dagger and wearing a +0 robe (lightly wounded, haloed, about 28% to evade your +0 war axe)
You slash the kobold demonologist!
The kobold demonologist is heavily wounded.
You slash the orange demon!
You closely miss the kobold demonologist.
You hit the kobold demonologist but do no damage.
You hit the kobold demonologist.
The kobold demonologist closely misses you.
The kobold demonologist hits you but does no damage.
The kobold demonologist casts a spell.
Cleave: b) +0 war axe
Press: ? - help, Dir - move target, f/p - kobold demonologist
Aim: a kobold demonologist, wielding a +0 dagger and wearing a +0 robe (heavily wounded, haloed, about 28% to evade your +0 war axe)
You hit the kobold demonologist but do no damage.
The kobold demonologist is heavily wounded.
You hit the kobold demonologist. x2
You hit the orange demon but do no damage.
You hit the sun demon. You hit the kobold demonologist.
You slash the kobold demonologist! The orange demon barely misses you.
The orange demon hits you but does no damage.
The kobold demonologist hits you but does no damage.
The kobold demonologist hits you with a +0 dagger.
The kobold demonologist gestures wildly while chanting.
The kobold demonologist looks encouraged for a moment.
The kobold demonologist gestures wildly while chanting.
The sun demon hits you!
You are engulfed in flames!
As you read the scroll of teleportation, it crumbles to dust.
You feel strangely unstable. The orange demon stings you.
The orange demon closely misses you.
The kobold demonologist barely misses you.
The kobold demonologist mumbles some strange words.
The kobold demonologist hits you but does no damage.
The kobold demonologist looks satisfied for a moment.
The kobold demonologist closely misses you.
The sun demon closely misses you. The sun demon hits you!!
* * * LOW HITPOINT WARNING * * *
You are engulfed in flames!
* * * LOW HITPOINT WARNING * * *
You feel much better.
The orange demon stings you but does no damage.
The orange demon hits you.
* * * LOW HITPOINT WARNING * * *
The sun demon hits you!!
You die...

....................########.....
.................................
##############.....###...........
#.....#.#........... ..
#.....#.#...........
.$..#...###.#...........
...5#####...#...........
...445KK4...####........
...4KKK@3......#.....###
....K5KK35.....#.....#..
....###........#.....#.. ###
#........#.....#..
#........#.....#..
##........##....#..
#..........#....##'
##..........#.......
#...........#.......


You could see 2 sun demons, an orange demon (summoned), a rust devil (summoned),
6 kobold demonologists, 2 red devils, a kobold brigand, an iron imp (summoned),
2 shadow imps, an ufetubus (summoned) and a kobold.

Vanquished Creatures
  Erolcha (D:9)
  A centaur warrior (D:9)
  3 two-headed ogres
  Erica (D:8)
  A cyclops (D:10)
  Maurice (D:9)
  A rime drake (D:9)
  Psyche (D:8)
  3 polar bears (D:9)
  Sigmund (D:3)
  8 yaks
  3 wyverns
  A steam dragon (D:8)
  Duvessa (D:6)
  A black bear (D:7)
  An ice beast (D:7)
  3 sky beasts
  3 wolves (D:9)
  6 centaurs
  2 phantoms
  A kobold brigand (D:9)
  3 bullfrogs
  4 scorpions
  10 wights
  Dowan (D:6)
  7 killer bees
  A centaur zombie (D:9)
  3 hounds
  2 jellies
  8 orc priests
  A sleepcap (D:7)
  2 iguanas (D:6)
  14 orc wizards
  A howler monkey zombie (D:9)
  7 adders
  4 gnolls
  2 ufetubi (D:6)
  6 dart slugs
  A ribbon worm (D:4)
  48 orcs
  3 bats
  7 endoplasms
  A giant cockroach (D:2)
  9 goblins
  5 hobgoblins
  A quokka (D:2)
  7 ball pythons
  A frilled lizard (D:1)
  11 kobolds
  6 rats
220 creatures vanquished.

Notes
Turn   | Place    | Note
-------+----------+-------------------------------------------
     0 | D:1      | jagoly the Gargoyle Monk began the quest for the Orb.
     0 | D:1      | Reached XP level 1. HP: 14/14 MP: 1/1
   128 | D:1      | Reached XP level 2. HP: 13/19 MP: 2/2
   133 | D:1      | Reached skill level 3 in Axes
   161 | D:1      | Reached skill level 1 in Stealth
   220 | D:2      | Reached XP level 3. HP: 23/23 MP: 3/3
   354 | D:2      | Reached XP level 4. HP: 26/29 MP: 4/4
   803 | D:3      | Reached skill level 4 in Axes
   920 | D:3      | Reached skill level 1 in Armour
   920 | D:3      | Reached XP level 5. HP: 12/33 MP: 5/5
  1016 | D:3      | Found a faded altar of an unknown god.
  1034 | D:3      | Noticed Sigmund
  1061 | D:3      | Killed Sigmund
  1062 | D:3      | Reached XP level 6. HP: 39/39 MP: 6/6
  1221 | D:5      | Entered Level 5 of the Dungeon
  1334 | D:5      | Reached skill level 5 in Axes
  1619 | D:5      | Reached XP level 7. HP: 40/44 MP: 7/7
  1800 | D:5      | Reached skill level 5 in Fighting
  1827 | D:6      | Found Queble's General Store.
  1829 | D:6      | Identified the +2 leather armour of Inviolability {rN+
                  | Int+4 Dex+3}
  1875 | D:6      | Bought a scroll of teleportation for 42 gold pieces
  1892 | D:6      | Noticed Dowan
  1942 | D:6      | Noticed Edmund
  1945 | D:6      | Edmund changed into Edmund the killer bee
  1945 | D:6      | Noticed Edmund
  1955 | D:6      | Killed Edmund the killer bee
  1965 | D:6      | Reached skill level 6 in Axes
  1978 | D:6      | Reached XP level 8. HP: 44/51 MP: 8/8
  2130 | D:6      | Reached skill level 7 in Axes
  2304 | D:6      | Reached skill level 8 in Axes
  2337 | D:7      | Noticed a wyvern
  2346 | D:7      | Killed a wyvern
  2347 | D:7      | Reached XP level 9. HP: 48/55 MP: 9/9
  2381 | D:7      | Reached skill level 9 in Axes
  2553 | D:7      | Found a runed translucent door.
  2585 | D:7      | Found a runed translucent door.
  2585 | D:7      | Found a large runed translucent door.
  2586 | D:7      | Found a large runed translucent door.
  2665 | D:7      | Found a large runed translucent door.
  2665 | D:7      | Found a large runed translucent door.
  2756 | D:7      | Found a staircase to the Ecumenical Temple.
  2765 | Temple   | Entered the Ecumenical Temple
  2776 | Temple   | Became a worshipper of the Shining One
  2776 | Temple   | Reached * piety under the Shining One
  2776 | Temple   | Reached ** piety under the Shining One
  2833 | D:6      | Noticed Duvessa
  2854 | D:6      | Killed Duvessa
  2855 | D:6      | Reached skill level 10 in Axes
  2857 | D:6      | Killed Dowan
  2890 | D:6      | Bought a potion of heal wounds for 70 gold pieces
  3138 | D:8      | Identified the +9 great sword "Yvastrae" {flame, rElec
                  | rPois Str+3}
  3173 | D:8      | Found Vauczi's Assorted Antiques.
  3201 | D:8      | Noticed Psyche
  3220 | D:8      | Killed Psyche
  3224 | D:8      | Reached XP level 10. HP: 37/63 MP: 10/10
  3226 | D:8      | Noticed Erica
  3244 | D:8      | Killed Erica
  3245 | D:8      | Reached skill level 11 in Axes
  3252 | D:8      | Noticed Gastronok
  3300 | D:9      | Noticed a centaur warrior
  3313 | D:9      | Killed a centaur warrior
  3406 | D:9      | Reached skill level 12 in Axes
  3557 | D:10     | Entered Level 10 of the Dungeon
  3639 | D:9      | Noticed Erolcha
  3648 | D:9      | Killed Erolcha
  3699 | D:9      | Noticed Maurice
  3724 | D:9      | Maurice stole a +2 mace of holy wrath
  3726 | D:9      | Maurice stole a +0 buckler
  3727 | D:9      | Maurice stole 261 gold
  3732 | D:9      | Killed Maurice
  3733 | D:9      | Reached XP level 11. HP: 51/69 MP: 6/11
  3798 | D:9      | Reached skill level 5 in Armour
  3835 | D:10     | Noticed a cyclops
  3845 | D:10     | Killed a cyclops
  3875 | D:9      | Noticed a two-headed ogre
  3896 | D:9      | Killed a two-headed ogre
  4008 | D:9      | Noticed a two-headed ogre
  4031 | D:9      | Killed a two-headed ogre
  4167 | D:9      | Found a staircase to the Lair.
  4374 | D:10     | Reached *** piety under the Shining One
  4483 | D:11     | Noticed a two-headed ogre
  4581 | D:10     | Reached skill level 13 in Axes
  4594 | D:10     | Noticed a two-headed ogre
  4604 | D:10     | Killed a two-headed ogre
  4605 | D:10     | Reached skill level 5 in Dodging
  4814 | D:10     | Noticed a sun demon
  4815 | D:10     | Noticed a sun demon
  4816 | D:10     | Slain by a sun demon

Illustrated notes

Levels and vault maps discovered:
D:1:      nzn_arrival_crosshair, layout_basic, fountainhead
D:2:      layout_loops_ring
D:3:      layout_basic, shapermc_ecumenical_altar_notcrosses, serial_curves,
          eino_curves_04, eino_curves_01, eino_curves_03, eino_curves_04,
          uniq_sigmund
D:4:      layout_loops_ring, roderic_batcave, nicolae_titane
D:5:      layout_loops_ring, serial_glass, glass_columns_a, glass_columns_b,
          glass_columns_c, glass_columns_a, glass_columns_a, glass_columns_b,
          due_unseen_surprise
D:6:      layout_basic, serial_shops, nicolae_shop_tiny_waterfront,
          uniq_duvessa, uniq_edmund
D:7:      layout_loops_ring, nicolae_overflow_hidden_temple,
          minmay_temple_entry_drinking_statues, lightli_church_of_beogh,
          uniq_menkaure
D:8:      layout_loops_ring, serial_shops, shop, uniq_psyche, uniq_gastronok,
          uniq_joseph, uniq_erica
D:9:      layout_cave_pods, hellmonk_lair_entry_icy, serial_undead,
          serial_undead_e, serial_undead_b, serial_undead_e, serial_undead_b,
          minmay_microvault, uniq_maurice, uniq_erolcha
D:10:     layout_irregular_city, st_stairs_14
D:11:     layout_cross, david_orc_5
Temple:   compressed_dpeg_circular_temple

Skill      XL: |  1  2  3  4  5  6  7  8  9 10 11 |
---------------+----------------------------------+-----
Axes           | 3 4 5 6 8 10 12 13 | 13.0
Stealth        | 1 2 |  2.0
Fighting       | 4 5 6 7 8 9 |  9.5
Armour         | 1 2 3 4 6 |  6.5
Dodging        | 3 5 |  5.0
Throwing       | 2 |  2.0

Action                     |  1- 3 |  4- 6 |  7- 9 | 10-12 || total
---------------------------+-------+-------+-------+-------++-------
  Melee: Hand axe          |    62 |   101 |       |       ||   163
         War axe           |       |    44 |    69 |     3 ||   116
         Flail             |       |       |   218 |   250 ||   468
  Throw: Stone             |       |       |     2 |     1 ||     3
         Dart              |       |       |       |    23 ||    23
         Boomerang         |       |       |       |     9 ||     9
 Invoke: Divine Shield     |       |       |       |     2 ||     2
  Evoke: Wand              |       |       |     1 |     4 ||     5
    Use: Scroll            |       |       |     8 |     5 ||    13
         Potion            |       |       |       |     2 ||     2
   Stab: Sleeping          |       |       |     1 |       ||     1
 Armour: Robe              |    30 |    26 |       |       ||    56
         Ring mail         |       |    66 |       |       ||    66
         Scale mail        |       |     7 |    10 |       ||    17
         Leather armour    |       |       |   174 |   223 ||   397
  Dodge: Dodged            |    32 |    96 |   152 |   160 ||   440
